IL
CHARLOTTE KNIGHTS @ COLUMBUS CLIPPERS
04/13/2024
 
TOP OF THE 1ST
Charlotte Knights batting - Pitching for Columbus Clippers : RHP Blake Witt
Pitching: RHP Blake Witt
Batting: LHB Blake Rutherford 0-0: Ball
1-0: Ball
2-0: Fly out, F3 (Popup, 3SF, EV 78.1 MPH)
Batting: RHB Jamari Baylor 0-0: Fly out, F8 (Flyball, 89S, EV 92.5 MPH)
Batting: RHB Brett Baty 0-0: Foul Ball, location: 7LDF
0-1: Ball
1-1: Swinging Strike
1-2: Strikes out swinging
Top of the 1st over - 0 runs, 0 hits, 0 errors, 0 left on base; Charlotte 0 - Columbus 0
BOTTOM OF THE 1ST
Columbus Clippers batting - Pitching for Charlotte Knights : LHP Ed Brown
Pitching: LHP Ed Brown
Batting: LHB Aaron Phillips 0-0: Fly out, F6 (Popup, 6MS, EV 75.0 MPH)
Batting: RHB Nick Gonzales 0-0: Called Strike
0-1: Ball
1-1: Foul Ball, location: 2F
1-2: Ball
2-2: Ball
3-2: DOUBLE (Line Drive, 3D, EV 100.0 MPH)
Batting: RHB Gus Walsh 0-0: Foul Ball, location: 25FF
0-1: Ball
1-1: Called Strike
1-2: Strikes out swinging
Batting: SHB Nathan Mallandain 0-0: Ball
1-0: Swinging Strike
1-1: Ball
2-1: Fly out, F8 (Flyball, 8LXD, EV 96.9 MPH)
Bottom of the 1st over - 0 runs, 1 hit, 0 errors, 1 left on base; Charlotte 0 - Columbus 0
TOP OF THE 2ND
Charlotte Knights batting - Pitching for Columbus Clippers : RHP Blake Witt
Batting: RHB Jordan Walker 0-0: Foul Ball, location: 5DF
0-1: Ball
1-1: Foul Ball, location: 25FF
1-2: Ground out 5-3 (Groundball, 56S, EV 61.3 MPH)
Batting: RHB Franmil Reyes 0-0: Ball
1-0: Called Strike
1-1: Swinging Strike
1-2: Ball
2-2: Ball
3-2: SINGLE (Groundball, 6D, EV 96.9 MPH)
Batting: RHB Shep Rose 0-0: Called Strike
0-1: Called Strike
0-2: Strikes out swinging
Batting: LHB Ryan Ward 0-0: Ball
1-0: Ball
2-0: Called Strike
2-1: SINGLE (Groundball, 4MD, EV 94.4 MPH)
Franmil Reyes to second
Batting: RHB Máximo González 0-0: Fly out, F7 (Flyball, 7S, EV 76.3 MPH)
Top of the 2nd over - 0 runs, 2 hits, 0 errors, 2 left on base; Charlotte 0 - Columbus 0
BOTTOM OF THE 2ND
Columbus Clippers batting - Pitching for Charlotte Knights : LHP Ed Brown
Batting: SHB Gage Workman 0-0: Foul Ball, location: 5FF
0-1: Foul Ball, location: 2F
0-2: Ball
1-2: Fly out, F7 (Flyball, 7LS, EV 98.1 MPH)
Batting: RHB Tim Tawa 0-0: Ball
1-0: Foul Ball, location: 3DF
1-1: Fly out, F4 (Popup, 4M, EV 57.5 MPH)
Batting: SHB Miguel Otero 0-0: Called Strike
0-1: Ball
1-1: Ground out 6-3 (Groundball, 56D, EV 98.8 MPH)
Bottom of the 2nd over - 0 runs, 0 hits, 0 errors, 0 left on base; Charlotte 0 - Columbus 0
TOP OF THE 3RD
Charlotte Knights batting - Pitching for Columbus Clippers : RHP Blake Witt
Batting: SHB Brett Cumberland 0-0: Swinging Strike
0-1: Ball
1-1: Foul Ball, location: 2F
1-2: Foul Ball, location: 5F
1-2: Ball
2-2: Ball
3-2: Ground out 4-3 (Groundball, 4, EV 88.1 MPH)
Batting: LHB Blake Rutherford 0-0: Fly out, F8 (Flyball, 89M, EV 86.3 MPH)
Batting: RHB Jamari Baylor 0-0: Ball
1-0: Called Strike
1-1: Fly out, F8 (Flyball, 78D, EV 91.3 MPH)
Top of the 3rd over - 0 runs, 0 hits, 0 errors, 0 left on base; Charlotte 0 - Columbus 0
BOTTOM OF THE 3RD
Columbus Clippers batting - Pitching for Charlotte Knights : LHP Ed Brown
Batting: LHB Garrett Witt 0-0: Called Strike
0-1: Fly out, F9 (Flyball, 9D, EV 101.3 MPH)
Batting: SHB Hayden Dunhurst 0-0: Foul Ball, location: 25F
0-1: Called Strike
0-2: Strikes out swinging
Batting: LHB Aaron Phillips 0-0: Fly out, F8 (Flyball, 8LD, EV 88.1 MPH)
Bottom of the 3rd over - 0 runs, 0 hits, 0 errors, 0 left on base; Charlotte 0 - Columbus 0
TOP OF THE 4TH
Charlotte Knights batting - Pitching for Columbus Clippers : RHP Blake Witt
Batting: RHB Brett Baty 0-0: Swinging Strike
0-1: Called Strike
0-2: Strikes out swinging
Batting: RHB Jordan Walker 0-0: Ball
1-0: Ball
2-0: Ball
3-0: Called Strike
3-1: Fly out, F8 (Flyball, 78M, EV 93.1 MPH)
Batting: RHB Franmil Reyes 0-0: Ball
1-0: Fly out, F7 (Flyball, 7, EV 95.0 MPH)
Top of the 4th over - 0 runs, 0 hits, 0 errors, 0 left on base; Charlotte 0 - Columbus 0
BOTTOM OF THE 4TH
Columbus Clippers batting - Pitching for Charlotte Knights : LHP Ed Brown
Batting: RHB Nick Gonzales 0-0: Called Strike
0-1: Ball
1-1: Ball
2-1: Ball
3-1: Foul Ball, location: 3SF
3-2: Strikes out swinging
Batting: RHB Gus Walsh 0-0: Ball
1-0: Swinging Strike
1-1: Called Strike
1-2: Foul Ball, location: 5FF
1-2: Foul Ball, location: 2F
1-2: SOLO HOME RUN (Flyball, 78XD, EV 106.3 MPH), Distance : 411 ft
Batting: SHB Nathan Mallandain 0-0: Ball
1-0: Called Strike
1-1: Ball
2-1: Ball
3-1: Base on Balls
Batting: SHB Gage Workman 0-0: Foul Ball, location: 9LDF
0-1: Called Strike
0-2: Fly out, F7 (Line Drive, 78M, EV 92.5 MPH)
Batting: RHB Tim Tawa 0-0: Called Strike
0-1: Ball
1-1: Ball
2-1: Foul Ball, location: 5FF
2-2: Ball
3-2: Foul Ball, location: 9LMF
3-2: Base on Balls
Nathan Mallandain to second
Batting: SHB Miguel Otero 0-0: 3-RUN HOME RUN (Flyball, 7D, EV 96.3 MPH), Distance : 377 ft
Batting: LHB Garrett Witt 0-0: Ball
1-0: Called Strike
1-1: Fly out, F9 (Line Drive, 9, EV 99.4 MPH)
Bottom of the 4th over - 4 runs, 2 hits, 0 errors, 0 left on base; Charlotte 0 - Columbus 4
TOP OF THE 5TH
Charlotte Knights batting - Pitching for Columbus Clippers : RHP Blake Witt
Batting: RHB Shep Rose 0-0: Swinging Strike
0-1: Ball
1-1: Called Strike
1-2: Ball
2-2: Ball
3-2: Ground out 1-3 (Groundball, 15S, EV 70.0 MPH)
Batting: LHB Ryan Ward 0-0: Ball
1-0: Fly out, F6 (Line Drive, 6M, EV 66.3 MPH)
Batting: RHB Máximo González 0-0: Ball
1-0: Ball
2-0: Ball
3-0: Called Strike
3-1: Foul Ball, location: 2F
3-2: Base on Balls
Batting: SHB Brett Cumberland 0-0: Ball
1-0: Foul Ball, location: 2F
1-1: Ball
2-1: Foul Ball, location: 2F
2-2: Ball
3-2: Base on Balls
Máximo González to second
Batting: LHB Blake Rutherford 0-0: SINGLE (Line Drive, 89S, EV 94.4 MPH)
Máximo González to third
Brett Cumberland to second
Runner from 3rd tries for Home, SAFE, throw by RF to home
Batting: RHB Jamari Baylor 0-0: Ground out 6-3 (Groundball, 56, EV 107.5 MPH)
Top of the 5th over - 1 run, 1 hit, 0 errors, 2 left on base; Charlotte 1 - Columbus 4
BOTTOM OF THE 5TH
Columbus Clippers batting - Pitching for Charlotte Knights : LHP Ed Brown
Batting: SHB Hayden Dunhurst 0-0: Called Strike
0-1: Swinging Strike
0-2: Ball
1-2: Strikes out swinging
Batting: LHB Aaron Phillips 0-0: Fly out, F7 (Flyball, 7D, EV 93.1 MPH)
Batting: RHB Nick Gonzales 0-0: Fly out, F9 (Flyball, 9D, EV 99.4 MPH)
Bottom of the 5th over - 0 runs, 0 hits, 0 errors, 0 left on base; Charlotte 1 - Columbus 4
TOP OF THE 6TH
Charlotte Knights batting - Pitching for Columbus Clippers : RHP Blake Witt
Batting: RHB Brett Baty 0-0: Ball
1-0: Foul Ball, location: 2F
1-1: Swinging Strike
1-2: Fly out, F9 (Flyball, 9LS, EV 98.8 MPH)
Batting: RHB Jordan Walker 0-0: Called Strike
0-1: Ball
1-1: Foul Ball, location: 5DF
1-2: Ball
2-2: Ground out 6-3 (Groundball, 6, EV 80.0 MPH)
Batting: RHB Franmil Reyes 0-0: Called Strike
0-1: Foul Ball, location: 2F
0-2: Ball
1-2: Ball
2-2: Ball
3-2: Base on Balls
Batting: RHB Shep Rose 0-0: Foul Ball, location: 9LSF
0-1: Ball
1-1: Fly out, F7 (Flyball, 78D, EV 105.6 MPH)
Top of the 6th over - 0 runs, 0 hits, 0 errors, 1 left on base; Charlotte 1 - Columbus 4
BOTTOM OF THE 6TH
Columbus Clippers batting - Pitching for Charlotte Knights : LHP Ed Brown
Batting: RHB Gus Walsh 0-0: Ball
1-0: Ball
2-0: Ball
3-0: Called Strike
3-1: Foul Ball, location: 25F
3-2: Base on Balls
Batting: SHB Nathan Mallandain 0-0: SINGLE (Groundball, 6MD, EV 103.1 MPH)
Gus Walsh to second
Runner from 2nd tries for 3rd, SAFE, throw by CF made to third
Batting: SHB Gage Workman 0-0: Called Strike
0-1: Ball
1-1: Foul Ball, location: 25FF
1-2: Ball
2-2: SINGLE (Flyball, 6D, EV 93.1 MPH)
Gus Walsh scores
Nathan Mallandain to second
Pitching: RHP Noah Murdock
Batting: RHB Tim Tawa 0-0: Ball
1-0: Called Strike
1-1: Foul Ball, location: 9LDF
1-2: Ball
2-2: Strikes out swinging
Batting: SHB Miguel Otero 0-0: Ball
1-0: Swinging Strike
1-1: Fielders Choice at 2nd, 1-4 (Groundball, 15S, EV 64.4 MPH)
Nathan Mallandain to third
Batting: LHB Garrett Witt 0-0: Ball
Miguel Otero is caught stealing 2nd base 2-6
Bottom of the 6th over - 1 run, 2 hits, 0 errors, 1 left on base; Charlotte 1 - Columbus 5
TOP OF THE 7TH
Charlotte Knights batting - Pitching for Columbus Clippers : RHP Blake Witt
Batting: LHB Ryan Ward 0-0: Ground out U3 (Groundball, 34S, EV 84.4 MPH)
Batting: RHB Máximo González 0-0: SINGLE (Groundball, 13S, EV 65.6 MPH) (infield hit)
Batting: SHB Brett Cumberland 0-0: Called Strike
0-1: Foul Ball, location: 3F
0-2: Strikes out swinging
Batting: LHB Blake Rutherford 0-0: Called Strike
0-1: Called Strike
0-2: Strikes out looking
Top of the 7th over - 0 runs, 1 hit, 0 errors, 1 left on base; Charlotte 1 - Columbus 5
BOTTOM OF THE 7TH
Columbus Clippers batting - Pitching for Charlotte Knights : RHP Noah Murdock
Batting: LHB Garrett Witt 0-0: Called Strike
0-1: Ball
1-1: Swinging Strike
1-2: Foul Ball, location: 3F
1-2: Ball
2-2: TRIPLE (Flyball, 9LD, EV 107.5 MPH)
Batting: SHB Hayden Dunhurst 0-0: Called Strike
0-1: Foul Ball, location: 2F
0-2: Strikes out swinging
Batting: LHB Aaron Phillips 0-0: Called Strike
0-1: Foul Ball, location: 2F
0-2: Strikes out swinging
Batting: RHB Nick Gonzales 0-0: Called Strike
0-1: Called Strike
0-2: Ground out 6-3 (Groundball, 6, EV 80.0 MPH)
Bottom of the 7th over - 0 runs, 1 hit, 0 errors, 1 left on base; Charlotte 1 - Columbus 5
TOP OF THE 8TH
Charlotte Knights batting - Pitching for Columbus Clippers : RHP Blake Witt
Batting: RHB Jamari Baylor 0-0: Foul Ball, location: 2F
0-1: DOUBLE (Line Drive, 89XD, EV 104.4 MPH)
Batting: RHB Brett Baty 0-0: Called Strike
0-1: SINGLE (Line Drive, 8LS, EV 96.3 MPH)
Jamari Baylor to third
Pitching: RHP Ian Book
Batting: RHB Jordan Walker 0-0: Ball
1-0: Fly out, F6 (Popup, 15S, EV 75.6 MPH)
Batting: RHB Franmil Reyes 0-0: Foul Ball, location: 2F
0-1: Ball
1-1: Called Strike
1-2: Ball
2-2: Grounds into double play, 6-4-3 (Groundball, 6, EV 103.1 MPH)
Top of the 8th over - 0 runs, 2 hits, 0 errors, 1 left on base; Charlotte 1 - Columbus 5
BOTTOM OF THE 8TH
Columbus Clippers batting - Pitching for Charlotte Knights : RHP Noah Murdock
Batting: RHB Gus Walsh 0-0: Fly out, F7 (Flyball, 78S, EV 98.1 MPH)
Batting: SHB Nathan Mallandain 0-0: Ball
1-0: Foul Ball, location: 5F
1-1: Ball
2-1: Foul Ball, location: 25FF
2-2: Foul Ball, location: 7LDF
2-2: Foul Ball, location: 2F
2-2: Strikes out swinging wild pitch, reaches first!
Batting: SHB Gage Workman 0-0: Ball
1-0: Called Strike
1-1: Ball
2-1: Hit by Pitch
Nathan Mallandain to second
Batting: RHB Tim Tawa 0-0: Called Strike
0-1: Ball
1-1: Foul Ball, location: 2F
1-2: Strikes out swinging
Batting: SHB Miguel Otero 0-0: Swinging Strike
0-1: Foul Ball, location: 2F
0-2: Ball
1-2: Ball
2-2: Fielders Choice at 3rd, U5 (Groundball, 5, EV 87.5 MPH)
Bottom of the 8th over - 0 runs, 0 hits, 0 errors, 1 left on base; Charlotte 1 - Columbus 5
TOP OF THE 9TH
Charlotte Knights batting - Pitching for Columbus Clippers : RHP Ian Book
Batting: RHB Shep Rose 0-0: Ground out 6-3 (Groundball, 6, EV 85.6 MPH)
Batting: LHB Ryan Ward 0-0: Ball
1-0: Ball
2-0: Ball
3-0: Called Strike
3-1: Base on Balls
Batting: RHB Máximo González 0-0: Fly out, F7 (Flyball, 7, EV 80.0 MPH)
Batting: SHB Brett Cumberland 0-0: Ball
1-0: Ground out 4-3 (Groundball, 4, EV 91.9 MPH)
Top of the 9th over - 0 runs, 0 hits, 0 errors, 1 left on base; Charlotte 1 - Columbus 5
Monday, April 22nd , 2024 - OOTP Baseball 24.11 Build 85